 Dungeon Crawl Stone Soup version 0.29-a0-824-gd827844252 (webtiles) character file.

Game seed: 748483448695519392

247 27snakeeyes612 the Trooper (level 6, -3/57 HPs)
             Began as a Naga Fighter on July 9, 2022.
             Slain by a water moccasin (7 damage)
             ... on level 4 of the Dungeon.
             The game lasted 00:01:43 (3175 turns).

27snakeeyes612 the Trooper (Naga Fighter)           Turns: 3175, Time: 00:01:44

Health: -3/57      AC:  5    Str: 21    XL:     6   Next: 11%
Magic:  6/6        EV:  7    Int:  8    God:
Gold:   121        SH:  4    Dex: 10    Spells: 5/5 levels left

rFire   . . .      SeeInvis +   a - +0 war axe
rCold   . . .      Faith    .   c - +0 buckler
rNeg    . . .      Spirit   .   b - +0 scale mail
rPois   +          Reflect  .   (no helmet)
rElec   .          Harm     .   (no cloak)
rCorr   .          Rampage  .   (no gloves)
Will    .....                   (no barding)
Stlth   ..........              (no amulet)
HPRegen 0.19/turn               (no ring)
MPRegen 0.10/turn               (no ring)

@: very slow
A: AC +2, large, see invisible, deformed body, poison resistance, slowness 2,
spit poison 1, naga tail 1
a: Spit Poison


You were on level 4 of the Dungeon.
You visited 1 branch of the dungeon, and saw 4 of its levels.

You collected 121 gold pieces.

Inventory:

Hand Weapons
 a - a +0 war axe (weapon)
Armour
 b - a +0 scale mail (worn)
 c - a +0 buckler (worn)
Jewellery
 e - a ring of ice
 h - a ring of resist corrosion
Scrolls
 f - a scroll of fear
 g - a scroll of summoning
 i - 2 scrolls of vulnerability
 k - a scroll of amnesia {unknown}
 l - a scroll of fog
Potions
 d - a potion of might
 j - a potion of mutation
 n - a potion of brilliance {unknown}


   Skills:
 + Level 4.2 Fighting
 + Level 3.5 Axes
 + Level 3.4 Armour
 + Level 3.7 Shields


You had 5 spell levels left.
You didn't know any spells.
Your spell library contained the following spells:

 Spells                   Type           Power      Damage    Failure   Level
 Blink                    Tloc           0%         N/A       91%         2
 Poisonous Vapours        Pois/Air       0%         N/A       91%         2
 Ignite Poison            Fire/Tmut/Pois 0%         N/A       99%         3
 Lesser Beckoning         Tloc           0%         N/A       99%         3
 Mephitic Cloud           Conj/Pois/Air  0%         N/A       99%         3
 Corpse Rot               Necr/Pois/Air  0%         N/A       100%        4
 Freezing Cloud           Conj/Ice/Air   0%         6-21      100%        5
 Manifold Assault         Tloc           0%         N/A       100%        5


Dungeon Overview and Level Annotations

Branches:
Dungeon (4/15)
 Temple: D:4-7

Altars:
Makhleb


Innate Abilities, Weirdness & Mutations

Your serpentine skin is tough. (AC +2)
You have supernaturally acute eyesight. (SInv)
Armour fits poorly on your strangely shaped body.
Your system is resistant to poisons. (rPois)
You cover ground very slowly.
You can spit poison.
You have a snake-like lower body.


Message History

The water moccasin bites you. x2
You barely miss the water moccasin.
The water moccasin is lightly wounded.
You block the water moccasin's attack. The water moccasin bites you.
You slash the water moccasin!
The water moccasin is heavily wounded.
The water moccasin bites you!
* * * LOW HITPOINT WARNING * * *
The water moccasin bites you.
* * * LOW HITPOINT WARNING * * *
You hit the water moccasin.
The water moccasin is heavily wounded.
The water moccasin bites you.
* * * LOW HITPOINT WARNING * * *
The water moccasin bites you.
* * * LOW HITPOINT WARNING * * *
Aiming: Spit Poison (1% risk of failure)
Press: ? - help, Q - select action Shift-Dir - straight line, f/p - water moccasin
Aim: a water moccasin (heavily wounded, 37% to hit)
The splash of poison hits the water moccasin.
The water moccasin is poisoned.
The water moccasin is heavily wounded.
The water moccasin bites you but does no damage.
It was a potion of curing.
You feel better. The water moccasin bites you.
* * * LOW HITPOINT WARNING * * *
You barely miss the water moccasin.
The water moccasin is severely wounded.
The water moccasin bites you but does no damage.
The water moccasin bites you!
* * * LOW HITPOINT WARNING * * *
You hit the water moccasin but do no damage.
The water moccasin is severely wounded.
The water moccasin bites you.
* * * LOW HITPOINT WARNING * * *
The water moccasin closely misses you.
You miss the water moccasin.
The water moccasin is severely wounded.
You have got your breath back.
The water moccasin bites you!
You die...

#.# #.#
#######.#####.#
#.............#
...##..<.#####.#
#.#### #.#
######.######...
#.......@S<.....
#.####.######.#.
#.# #.# #.# ..#
###


You could see a water moccasin (poisoned).

Vanquished Creatures
  A necrophage (D:4)
  An orc priest (D:3)
  Jessica (D:3)
  4 gnolls
  3 adders
  A worm (D:2)
  2 dart slugs
  3 orcs (D:3)
  3 ball pythons (D:1)
  4 bats
  9 endoplasms
  3 giant cockroaches (D:1)
  3 goblins
  8 hobgoblins
  4 jackals (D:1)
  A kobold (D:2)
  2 frilled lizards (D:1)
  5 rats
58 creatures vanquished.

Notes
Turn   | Place    | Note
-------+----------+-------------------------------------------
     0 | D:1      | 27snakeeyes612 the Naga Fighter began the quest for the
                  | Orb.
     0 | D:1      | Reached XP level 1. HP: 21/21 MP: 1/1
    45 | D:1      | Reached XP level 2. HP: 22/28 MP: 2/2
   360 | D:1      | Found a faded altar of an unknown god.
   612 | D:1      | Reached XP level 3. HP: 30/34 MP: 3/3
  1316 | D:2      | Found a burning altar of Makhleb.
  1337 | D:2      | Reached XP level 4. HP: 14/42 MP: 4/4
  2083 | D:3      | Reached XP level 5. HP: 34/50 MP: 5/5
  2737 | D:3      | Noticed Jessica
  2739 | D:3      | Killed Jessica
  2792 | D:3      | Reached skill level 4 in Fighting
  3155 | D:4      | Noticed a water moccasin
  3166 | D:4      | Reached XP level 6. HP: 37/57 MP: 6/6
  3175 | D:4      | Slain by a water moccasin

Illustrated notes

Levels and vault maps discovered:
D:1:      dpeg_arrival_tiny_a, layout_basic, dreamdust_ecumenical_altar_grove
D:2:      layout_rooms, basic_altar
D:3:      layout_basic, chequers_arboretum, uniq_jessica
D:4:      layout_loops_ring, lemuel_crystal_altar,
          minmay_temple_entry_water_ring

Skill      XL: |  1  2  3  4  5 |
---------------+----------------+-----
Shields        | 3 |  3.7
Armour         | 3 |  3.4
Axes           | 3 |  3.5
Fighting       | 4 |  4.2

Action                   |  1- 3 |  4- 6 || total
-------------------------+-------+-------++-------
Melee: War axe           |    58 |    42 ||   100
 Abil: Spit Poison       |    25 |    24 ||    49
  Use: Scroll            |       |     6 ||     6
       Potion            |       |     2 ||     2
Armor: Scale mail        |    25 |    19 ||    44
Dodge: Dodged            |    17 |    18 ||    35
Block: Buckler           |    17 |     8 ||    25

Table legend: (Time is in decaauts)
 A = Elapsed time spent in this place.
 B = Non-inter-level travel time spent in this place.
 C = Inter-level travel time spent in this place.
 D = Time resting spent in this place.
 E = Time spent auto-exploring this place.
 F = Levels seen in this place.
 G = Mean time per level.
                   A        B        C        D        E       F      G
               +--------+--------+--------+--------+--------+-----+--------+
         Total |   3897 |   3779 |    118 |    241 |   3122 |   4 |  974.2 |
       Dungeon |   3897 |   3779 |    118 |    241 |   3122 |   4 |  974.2 |
               +--------+--------+--------+--------+--------+-----+--------+

Top non-repeatable levels by time:
     D:3: 1499 daAuts
     D:1: 1335 daAuts
     D:2: 1025 daAuts
     D:4: 37 daAuts
